 Dungeon Crawl Stone Soup version 0.29-a0-330-g52719c12eb (webtiles) character file.

Game seed: 7645755829462608323

163 tilp the Firebug (level 5, -1/42 HPs)
             Began as a Naga Fire Elementalist on May 2, 2022.
             Slain by an ogre
             ... wielding a +0 giant club
              (16 damage)
             ... on level 3 of the Dungeon.
             The game lasted 00:05:04 (3766 turns).

tilp the Firebug (Naga Fire Elementalist)           Turns: 3766, Time: 00:05:05

Health: -1/42      AC:  4    Str: 10    XL:     5   Next: 44%
Magic:  6/9        EV:  9    Int: 18    God:
Gold:   190        SH:  0    Dex: 11    Spells: 7/10 levels left

rFire   . . .      SeeInvis +   a - +0 dagger (vorpal)
rCold   . . .      Faith    .   (no shield)
rNeg    . . .      Spirit   .   d - +0 robe
rPois   +          Reflect  .   (no helmet)
rElec   .          Harm     .   (no cloak)
rCorr   .          Rampage  .   i - +1 pair of gloves
Will    +....                   (no barding)
Stlth   ++........              (no amulet)
HPRegen 0.14/turn               j - ring of willpower
MPRegen 0.11/turn               (no ring)

@: very slow
A: AC +1, large, see invisible, deformed body, poison resistance, slowness 2,
spit poison 1, naga tail 1
a: Spit Poison


You were on level 3 of the Dungeon.
You visited 1 branch of the dungeon, and saw 3 of its levels.

You collected 190 gold pieces.

Inventory:

Hand Weapons
 a - a +0 vorpal dagger (weapon)
 b - the +6 spear of the Ecumenical Temple {antimagic, Str+2}
   (You found it on level 3 of the Dungeon)

   It reduces the magical energy of the wielder, and disrupts the spells and
   magical abilities of those it strikes.
   Natural abilities and divine invocations are not affected.
   Str:       It affects your strength (+2).
Missiles
 c - 53 stones (quivered)
Armour
 d - a +0 robe (worn)
 i - a +1 pair of gloves (worn)
Jewellery
 j - a ring of willpower (left hand)
Scrolls
 h - a scroll of torment
 n - a scroll of identify
 q - a scroll of brand weapon
Potions
 e - a potion of lignification
 f - a potion of attraction {unknown}
 g - a potion of ambrosia {unknown}
 k - 2 potions of might {unknown}
 l - 2 potions of magic
 m - 2 potions of heal wounds {unknown}
 o - a potion of berserk rage {unknown}
 p - a potion of degeneration {unknown}


   Skills:
 - Level 1.5 Dodging
 - Level 3.0 Stealth
 - Level 3.0 Spellcasting
 + Level 3.1 Conjurations
 + Level 4.3 Fire Magic


You had 7 spell levels left.
You knew the following spells:

 Your Spells              Type           Power      Damage    Failure   Level
a - Foxfire               Conj/Fire      64%        2x1d7     3%          1
b - Scorch                Fire           36%        2d6       4%          2

Your spell library contained the following spells:

 Spells                   Type           Power      Damage    Failure   Level
 Conjure Flame            Conj/Fire      16%        6-21      11%         3
 Inner Flame              Hex/Fire       10%        N/A       21%         3
 Flame Wave               Conj/Fire      16%        2d6       34%         4
 Fireball                 Conj/Fire      8%         3d6       67%         5
 Starburst                Conj/Fire      8%         6d4       99%         6
 Ignition                 Fire           9%         3d5       100%        8


Dungeon Overview and Level Annotations

Branches:
Dungeon (3/15)

Altars:


Innate Abilities, Weirdness & Mutations

Your serpentine skin is tough. (AC +1)
You have supernaturally acute eyesight. (SInv)
Armour fits poorly on your strangely shaped body.
Your system is resistant to poisons. (rPois)
You cover ground very slowly.
You can spit poison.
You have a snake-like lower body.


Message History

The jackal is heavily wounded.
The jackal barely misses you. x2
You hit the jackal.
You kill the jackal!
You hit the jackal.
The jackal is heavily wounded.
The jackal bites you but does no damage. x2
Casting: Foxfire (safe; 3% risk of failure)
Confirm with . or Enter, or press ? or * to list all spells.
Flames lash the ball python.
You kill the ball python!
The jackal bites you.
You hit the jackal.
You kill the jackal!
You see here a jackal corpse.
You see here a ball python corpse.
An ogre comes into view. It is wielding a +0 giant club.
The ogre shouts!
An adder comes into view.
Aiming: Spit Poison (1% risk of failure)
Press: ? - help, Shift-Dir - straight line, f - ogre
Aim: an ogre, wielding a +0 giant club (81% to hit)
The splash of poison hits the ogre but does no damage.
The ogre is poisoned.
Unknown command.
Casting: Scorch (safe; 4% risk of failure)
Confirm with . or Enter, or press ? or * to list all spells.
Flames lash the ogre.
The ogre is severely wounded.
The ogre's fire resistance burns away.
The adder hisses angrily.
The ogre attacks as you move away!
The ogre hits you with a +0 giant club!!
Ouch! That really hurt!
* * * LOW HITPOINT WARNING * * *
You have got your breath back.
Casting: Scorch (safe; 4% risk of failure)
Confirm with . or Enter, or press ? or * to list all spells.
You conjure some foxfire!
The ogre hits you with a +0 giant club!
You die...

##. .... ### .....
..######## #####....... ##
#.....>††# ####@OS........
#.
########.####..vv###.......#
#. #......#### .......####.
#...#...####### ##.........
#.####......... ##.##### #..
##...###### #.##### ...#
##..### #...... ##### ##...#
######.†#### ##...###...##
.........#


You could see an ogre (poisoned, combustible, ally target) and an adder.

Vanquished Creatures
  2 orc wizards (D:3)
  3 adders
  A worm (D:3)
  4 dart slugs
  6 orcs (D:3)
  9 ball pythons
  3 bats
  5 endoplasms
  3 giant cockroaches
  5 goblins
  2 hobgoblins
  7 jackals
  7 kobolds
  2 quokkas (D:1)
  A frilled lizard (D:1)
  5 rats
65 creatures vanquished.

Vanquished Creatures (others)
  53 foxfires
53 creatures vanquished.

Grand Total: 118 creatures vanquished

Notes
Turn   | Place    | Note
-------+----------+-------------------------------------------
     0 | D:1      | tilp the Naga Fire Elementalist began the quest for the
                  | Orb.
     0 | D:1      | Reached XP level 1. HP: 15/15 MP: 3/3
     0 | D:1      | Found a faded altar of an unknown god.
   483 | D:1      | Reached XP level 2. HP: 10/22 MP: 1/5
   714 | D:1      | Learned a level 2 spell: Scorch
  1132 | D:1      | Reached XP level 3. HP: 28/28 MP: 2/6
  2205 | D:2      | Reached XP level 4. HP: 36/36 MP: 4/8
  3060 | D:3      | Identified the +6 spear of the Ecumenical Temple
                  | {antimagic, Str+2}
  3403 | D:3      | Reached skill level 4 in Fire Magic
  3403 | D:3      | Reached XP level 5. HP: 36/42 MP: 1/9
  3760 | D:3      | Noticed an ogre
  3766 | D:3      | Slain by an ogre

Illustrated notes

Levels and vault maps discovered:
D:1:      ebering_hopf_link, layout_basic, basic_ecumenical_altar,
          grunt_decor_fettered
D:2:      layout_loops_cross, minmay_split_cup_small
D:3:      layout_rooms, nrook_uturn, lexackson_kobold_supper

Skill      XL: |  1  2  3  4  5 |
---------------+----------------+-----
Conjurations   | 2 3 |  3.1
Spellcasting   | 3 |  3.0
Fire Magic     | 4 |  4.3
Dodging        | |  1.5
Stealth        | |  3.0

Action                   |  1- 3 |  4- 6 || total
-------------------------+-------+-------++-------
Melee: Dagger            |    15 |    40 ||    55
 Cast: Foxfire           |    24 |    12 ||    36
       Scorch            |    21 |    26 ||    47
 Abil: Spit Poison       |     2 |     3 ||     5
  Use: Scroll            |     2 |     4 ||     6
Armor: Robe              |    10 |    11 ||    21
Dodge: Dodged            |    16 |    23 ||    39

Table legend: (Time is in decaauts)
 A = Elapsed time spent in this place.
 B = Non-inter-level travel time spent in this place.
 C = Inter-level travel time spent in this place.
 D = Time resting spent in this place.
 E = Time spent auto-exploring this place.
 F = Levels seen in this place.
 G = Mean time per level.
                   A        B        C        D        E       F      G
               +--------+--------+--------+--------+--------+-----+--------+
         Total |   4433 |   4392 |     41 |    494 |   3395 |   3 | 1477.7 |
       Dungeon |   4433 |   4392 |     41 |    494 |   3395 |   3 | 1477.7 |
               +--------+--------+--------+--------+--------+-----+--------+

Top non-repeatable levels by time:
     D:1: 2160 daAuts
     D:2: 1467 daAuts
     D:3: 805 daAuts
